 Dungeon Crawl Stone Soup version 0.29.1-12-g30fa7ad0bf (webtiles) character file.

Game seed: 4113776334216360194

2185 raph the Transmogrifier (level 9, -3/102 HPs)
             Began as a White Draconian Transmuter on Dec 29, 2022.
             Was an Initiate of Makhleb.
             Slain by a gnoll
             ... wielding a +2 spear of venom
             ... led by a gnoll bouda
              (5 damage)
             ... on level 7 of the Dungeon.
             The game lasted 00:12:36 (8749 turns).

raph the Transmogrifier (DrTm)                      Turns: 8749, Time: 00:12:36

Health: -3/102     AC: 28    Str: 13    XL:     9   Next: 11%
Magic:  14/15      EV:  2    Int: 17    God:    Makhleb [......]
Gold:   163        SH:  0    Dex: 12    Spells: 1/16 levels left

rFire   . . .      SeeInvis .     - Unarmed
rCold   . . .      Faith    .   (no shield)
rNeg    + . .      Spirit   .   (body armour unavailable)
rPois   +          Reflect  .   (helmet currently unavailable)
rElec   .          Harm     .   (cloak currently unavailable)
rCorr   .          Rampage  .   (gloves currently unavailable)
Will    .....      NoTele   +   (boots currently unavailable)
Stlth   +.........              m - amulet of the acrobat
HPRegen 0.27/turn               t - ring of positive energy
MPRegen 0.14/turn               v - +4 ring of protection

@: lethally poisoned (-3 -> -6), tree-form, weakened
A: stationary, stasis, torment immunity, boosted hp, (breathe frost), AC +7,
unfitting armour, (cold resistance 1), (cold-blooded)
a: Renounce Religion


You were on level 7 of the Dungeon.
You worshipped Makhleb.
Makhleb was noncommittal.
You were a tree.
You visited 2 branches of the dungeon, and saw 8 of its levels.
You also visited: Ossuary.

You collected 212 gold pieces.
You spent 49 gold pieces at shops.

Inventory:

Missiles
 g - 10 poisoned darts
 n - 3 boomerangs
Armour
 p - a +1 pair of boots
 q - a +2 pair of boots (melded)
Jewellery
 m - an amulet of the acrobat (around neck)
 o - a ring of flight
 t - a ring of positive energy (left branch)
 v - a +4 ring of protection (right branch)
Wands
 r - a wand of charming (8)
Scrolls
 e - a scroll of silence
 u - a scroll of immolation {unknown}
 w - 6 scrolls of teleportation
 x - 3 scrolls of identify
 y - 4 scrolls of enchant weapon
 B - a scroll of brand weapon
 C - a scroll of butterflies
Potions
 a - 2 potions of lignification
 b - 5 potions of brilliance
 c - a potion of mutation {unknown}
 d - a potion of ambrosia
 f - 3 potions of attraction {unknown}
 h - 3 potions of flight {unknown}
 i - 2 potions of haste
 j - 2 potions of might
 k - a potion of heal wounds {unknown}
 l - 2 potions of curing {unknown}
 s - a potion of resistance {unknown}
 z - a potion of cancellation {unknown}
 A - a potion of invisibility {unknown}
 D - a potion of berserk rage {unknown}


   Skills:
 - Level 2.5 Fighting
 - Level 2.5 Dodging
 - Level 4.3 Unarmed Combat
 - Level 4.2 Spellcasting
 + Level 8.2 Transmutations
 - Level 5.5 Ice Magic
 - Level 4.4 Poison Magic


You had one spell level left.
You knew the following spells:

 Your Spells              Type           Power      Damage    Failure   Level
a - Beastly Appendage     Tmut           62%        N/A       1%          1
b - Wereblood             Tmut           31%        N/A       1%          2
c - Spider Form           Tmut/Pois      25%        N/A       3%          3
d - Ice Form              Ice/Tmut       26%        N/A       9%          4
e - Blade Hands           Tmut           15%        N/A       14%         5

Your spell library contained the following spells:

 Spells                   Type           Power      Damage    Failure   Level
 Ignite Poison            Fire/Tmut/Pois 18%        N/A       9%          3
 Poisonous Vapours        Pois/Air       22%        N/A       10%         2
 Mephitic Cloud           Conj/Pois/Air  8%         N/A       26%         3
 Portal Projectile        Hex/Tloc       6%         N/A       43%         3
 Tukima's Dance           Hex            3%         N/A       43%         3
 Yara's Violent Unravell  Hex/Tmut       8%         3d5       61%         5
 Corpse Rot               Necr/Pois/Air  8%         N/A       63%         4
 Passage of Golubria      Tloc           3%         N/A       83%         4
 Freezing Cloud           Conj/Ice/Air   4%         6-21      90%         5
 Fireball                 Conj/Fire      1%         3d3       99%         5
 Starburst                Conj/Fire      1%         6d3       100%        6
 Ignition                 Fire           1%         3d3       100%        8


Dungeon Overview and Level Annotations

Branches:
Dungeon (7/15)             Temple (1/1) D:6         Ossuary (visited)

Altars:
Ashenzari
Cheibriados
Dithmenos
Elyvilon
Fedhas
Gozag
Hepliaklqana
Kikubaaqudgha
Makhleb
Nemelex Xobeh
Okawaru
Qazlal
Sif Muna
Uskayaw
Vehumet
Wu Jian
Xom
Yredelemnul
Zin
The Shining One

Shops:
D:3 [   D:4 *   D:5 (

Annotations:
D:2 Sigmund
D:7 3 runed translucent doors, gargbit's ghost, novice OpHW


Innate Abilities, Weirdness & Mutations

You are a tree.
Your roots penetrate the ground, keeping you stationary.
You cannot be teleported.
You are immune to unholy pain and torment.
Your maximum health is greatly increased.
Your equipment is partially melded.
((You can breathe waves of freezing cold which knock back foes.))
((Your icy white scales are hard. (AC +7)))
You cannot fit into any form of body armour.
((Your flesh is cold resistant. (rC+)))
((You are cold-blooded and may be slowed by cold attacks.))


Message History

You feel very sick.
You see here a +0 dagger.
* * * LOW HITPOINT WARNING * * *
You feel very sick. Makhleb accepts your kill.
You feel a bit more experienced.
The gnoll bouda gazes fiercely through you!
You feel as though you will be weak longer.
Your transformation has ended.
Your +2 pair of boots unmelds from your body.
* * * LOW HITPOINT WARNING * * *
You feel sick.
The gnoll hits you from afar with a +2 spear of venom.
* * * LOW HITPOINT WARNING * * *
The gnoll bouda barely misses you.
Really quaff the potion of lignification?
You turn into a tree.
Your +2 pair of boots melds into your body.
Your roots penetrate the ground.
You feel sick.
The gnoll is no longer moving quickly.
The gnoll hits you but does no damage. x2
The gnoll bouda hits you but does no damage.
You hit the gnoll bouda.
The gnoll bouda is moderately wounded.
You feel sick. The gnoll hits you but does no damage.
The gnoll completely misses you.
You hit the gnoll bouda.
The gnoll bouda is severely wounded.
You feel sick.
The gnoll is no longer moving quickly.
The gnoll hits you from afar with a +0 halberd.
* * * LOW HITPOINT WARNING * * *
The gnoll hits you from afar with a +2 spear of venom.
* * * LOW HITPOINT WARNING * * *
The gnoll bouda hits you but does no damage.
You smack the gnoll bouda!
You kill the gnoll bouda!
Makhleb accepts your kill.
* * * LOW HITPOINT WARNING * * *
You feel sick. The gnoll hits you but does no damage.
The gnoll hits you from afar with a +2 spear of venom.
You die...

...# #................#......##.
...####................#######...
...##...........######## .#.
...##...........###...## ##
...##...........#E#...#E
................###...##
.........................
.....#..[#+#####...._....
.....#...#+#####♣........
.....##........)###...### .....#
.......gg#E#...#E .....#
.........###...## .....+
....####....##... .....# ..
#....# .## ##..<# . +..........+
.#.. #####......# # +......#


You could see an earth elemental, a water elemental, a fire elemental, an air
elemental and 2 gnolls.

Vanquished Creatures
  Grinder (D:3)
  A vampire (D:7)
  A wraith (Ossuary)
  2 steam dragons (D:6)
  A water moccasin (D:6)
  2 ogres (D:6)
  A centaur (D:4)
  A kobold brigand (D:6)
  3 phantoms
  A bullfrog (D:6)
  A scorpion (D:5)
  A necrophage (D:7)
  6 hounds
  An orc priest (D:6)
  4 iguanas
  A gnoll bouda (D:7)
  2 orc wizards (D:6)
  4 mummies
  3 adders
  4 gnolls
  An ufetubus (D:5)
  2 worms (D:3)
  A dart slug (D:5)
  10 orcs
  10 ball pythons
  9 bats
  10 endoplasms
  3 giant cockroaches
  A gnoll zombie (Ossuary)
  5 goblins
  7 hobgoblins
  2 jackals (D:1)
  11 kobolds
  3 quokkas
  A frilled lizard (D:1)
  2 goblin zombies
  3 hobgoblin zombies
  4 kobold zombies (Ossuary)
  3 rats (D:1)
129 creatures vanquished.

Notes
Turn   | Place    | Note
-------+----------+-------------------------------------------
     0 | D:1      | raph the Draconian Transmuter began the quest for the Orb.
     0 | D:1      | Reached XP level 1. HP: 16/16 MP: 3/3
   294 | D:1      | Reached XP level 2. HP: 21/23 MP: 3/5
   503 | D:1      | Learned a level 2 spell: Wereblood
  1523 | D:2      | Found a faded altar of an unknown god.
  1651 | D:2      | Reached XP level 3. HP: 28/28 MP: 4/6
  2155 | D:2      | Noticed Sigmund
  2491 | D:3      | Found Ocud's Armour Boutique.
  2497 | D:3      | Bought a +0 pair of boots for 49 gold pieces
  2747 | D:3      | Reached XP level 4. HP: 36/36 MP: 5/7
  2788 | D:3      | Reached skill level 3 in Transmutations
  3002 | D:3      | Noticed Grinder
  3009 | D:3      | Killed Grinder
  3010 | D:3      | Reached XP level 5. HP: 14/42 MP: 6/9
  3010 | D:3      | Reached XP level 6. HP: 17/50 MP: 6/10
  3216 | D:3      | Learned a level 3 spell: Spider Form
  3360 | D:4      | Reached skill level 4 in Transmutations
  3364 | D:4      | Reached skill level 1 in Poison Magic
  3538 | D:4      | Found Tuec's Mayhem Merchandise.
  4077 | D:4      | Reached skill level 5 in Transmutations
  4379 | D:4      | Your scales start taking on an icy white colour.
  4379 | D:4      | Reached XP level 7. HP: 55/56 MP: 9/11
  4379 | D:4      | Gained mutation: Your flesh is cold resistant. (rC+) [White
                  | Draconian growth]
  4391 | D:4      | Learned a level 4 spell: Ice Form
  4440 | D:5      | Entered Level 5 of the Dungeon
  4520 | D:5      | Reached skill level 1 in Ice Magic
  4804 | D:5      | Found a sand-covered staircase.
  4814 | Ossuary  | Entered an ossuary
  4814 | Ossuary  | Noticed a wraith
  4814 | Ossuary  | Noticed a wraith
  4814 | Ossuary  | Noticed a wraith
  5179 | Ossuary  | Noticed a wraith
  5209 | Ossuary  | Killed a wraith
  5301 | Ossuary  | Reached skill level 6 in Transmutations
  5929 | D:5      | Found Ciclipta's Weapon Shoppe.
  6401 | D:5      | Reached XP level 8. HP: 39/62 MP: 12/12
  7085 | D:6      | Reached skill level 7 in Transmutations
  7697 | D:6      | Reached skill level 5 in Ice Magic
  7806 | D:6      | Found a staircase to the Ecumenical Temple.
  7818 | Temple   | Entered the Ecumenical Temple
  7995 | Temple   | Became a worshipper of Makhleb the Destroyer
  8397 | D:7      | Noticed gargbit's ghost (novice OpHW)
  8417 | D:7      | Found a runed translucent gate.
  8418 | D:7      | Found a runed translucent gate.
  8419 | D:7      | Found a runed translucent gate.
  8419 | D:7      | Noticed a troll
  8429 | D:7      | Reached XP level 9. HP: 68/68 MP: 11/15
  8483 | D:7      | Learned a level 5 spell: Blade Hands
  8673 | D:7      | Reached skill level 8 in Transmutations
  8723 | D:7      | Found a stormy altar of Qazlal.
  8748 | D:7      | HP: 5/102 [gnoll/+0 halberd[a gnoll bouda] (4)]
  8749 | D:7      | HP: 2/102 [poisoned by a gnoll]
  8749 | D:7      | Slain by a gnoll

Illustrated notes

Levels and vault maps discovered:
D:1:      tarquinn_simple_flora_water_e, layout_basic, item_on_display_a
D:2:      layout_basic, chequers_ecumenical_altar_simple_redux, uniq_sigmund,
          uniq_crazy_yiuf_cottage
D:3:      layout_basic, serial_shops, shop, feat_on_display, uniq_grinder
D:4:      layout_cave_pools, minmay_shop_mayhem, dk_noncrumbling_4
D:5:      layout_layer_cave, nicolae_ossuary_entry_giza, serial_shops, shop
D:6:      layout_basic, minmay_temple_entry_nine_rooms
D:7:      lemuel_ice_statue, layout_basic, nicolae_qazlal_style_of_elements,
          gammafunk_ghost_split
Temple:   compressed_dpeg_triangle_lava_temple

Skill      XL: |  1  2  3  4  5  6  7  8  9 |
---------------+----------------------------+-----
Dodging        | 2 |  2.5
Transmutations | 3 5 6 7 8 |  8.2
Fighting       | 2 |  2.5
Unarmed Combat | 4 |  4.3
Poison Magic   | 2 3 4 |  4.4
Ice Magic      | 3 5 |  5.5
Spellcasting   | 3 4 |  4.2

Action                   |  1- 3 |  4- 6 |  7- 9 || total
-------------------------+-------+-------+-------++-------
Melee: Unarmed           |   124 |    68 |   255 ||   447
       Kick              |    31 |    18 |    37 ||    86
       Tailslap          |    14 |     6 |    24 ||    44
       Headbutt          |     9 |    13 |    23 ||    45
       Punch             |     1 |       |     8 ||     9
 Cast: Beastly Appendage |    34 |    12 |    19 ||    65
       Wereblood         |     1 |     2 |     4 ||     7
       Spider Form       |       |     1 |    10 ||    11
       Ice Form          |       |       |     5 ||     5
 Abil: Breathe Frost     |       |       |     2 ||     2
       End Transformatio |       |       |     1 ||     1
  Use: Scroll            |     4 |     2 |     5 ||    11
       Potion            |       |     1 |     4 ||     5
 Stab: Sleeping          |     1 |       |       ||     1
Armor: Skin              |    48 |    18 |    96 ||   162
Dodge: Dodged            |    86 |    75 |   197 ||   358
